 Dungeon Crawl Stone Soup version 0.20.0-1-g1cb1d84 (webtiles) character file.

492 Hailrake the Spear-Bearer (level 7, 0/56 HPs)
             Began as a Merfolk Berserker on May 26, 2017.
             Was a Believer of Trog.
             Slain by Eustachio
             ... wielding a +0 rapier
              (2 damage)
             ... on level 4 of the Dungeon.
             The game lasted 00:10:52 (3304 turns).

Hailrake the Spear-Bearer (Merfolk Berserker)       Turns: 3304, Time: 00:10:53

Health: 0/56       AC:  2    Str: 19    XL:     7   Next: 14%
Magic:  7/7        EV: 14    Int:  7    God:    Trog [**....]
Gold:   259        SH:  0    Dex: 13    Spells: 6/6 levels left

rFire    . . .     SeeInvis +   a - +0 spear
rCold    . . .     Gourm    .   (no shield)
rNeg     . . .     Faith    .   b - +0 animal skin
rPois    .         Spirit   .   (no helmet)
rElec    .         Reflect  .   (no cloak)
rCorr    .         Harm     .   (no gloves)
MR       .....                  (no boots)
Stlth    +.........             (no amulet)
Regen    0.2/turn               j - ring of see invisible
MPRegen  0.1/turn               (no ring)

@: no status effects
A: change form in water, swift swim, stealthy swim
a: Berserk, Trog's Hand, Burn Spellbooks, Renounce Religion


You were on level 4 of the Dungeon.
You worshipped Trog.
Trog was pleased with you.
You were not hungry.

You visited 1 branch of the dungeon, and saw 5 of its levels.

You collected 259 gold pieces.

Inventory:

Hand Weapons
 a - a +0 spear (weapon)
Armour
 b - a +0 animal skin (worn)
Jewellery
 j - a ring of see invisible (left hand)
Wands
 l - a wand of flame (20/48)
Scrolls
 h - a scroll of blinking {unknown}
 i - a scroll of remove curse
 k - a scroll of fog {unknown}
 m - a scroll of random uselessness {unknown}
 n - 2 scrolls of teleportation {unknown}
Potions
 d - 2 potions of berserk rage
 e - a potion of curing
 f - a potion of flight {unknown}
 g - 2 potions of haste {unknown}
Comestibles
 c - a bread ration
 o - 2 royal jellies


   Skills:
 + Level 5.3 Fighting
 + Level 8.6 Polearms
 + Level 1.6 Armour
 + Level 4.7 Dodging


You had 6 spell levels left.
You didn't know any spells.

Dungeon Overview and Level Annotations

Branches:
Dungeon (5/15)
 Temple: D:4-7

Altars:
Gozag

Annotations:
D:4 Eustachio


Message History

You closely miss Eustachio.
Eustachio is severely wounded.
The bat hits you.
* * * LOW HITPOINT WARNING * * *
The bat hits you but does no damage. The river rat bites you.
* * * LOW HITPOINT WARNING * * *
The quokka closely misses you.
Unknown command.
You closely miss Eustachio.
Eustachio is severely wounded.
The bat barely misses you.
Eustachio casts a spell.
Eustachio blinks!
The rat closely misses you. The river rat closely misses you.
The bat barely misses you. The rat barely misses you.
The river rat closely misses you. The quokka barely misses you.
You miss Eustachio.
Eustachio is severely wounded.
The bat barely misses you. The rat misses you.
Eustachio hits you with a rapier.
You die...

##....# . #....)# .
##....# ## .
#.....##..### .
#...†.......#
#...........#
##.$####..###
##@.####..##
#.@r.#......
#rbr.#.... ....
##..##..# ..# ..
##..##..####..##..#
#..................
#..................
##..##..##.........
#####>.##.........
#..............


You could see Eustachio, a river rat, a quokka, a bat and a rat.

Vanquished Creatures
  Edmund (D:4)
  Blork the orc (D:4)
  A scorpion (D:4)
  2 orc wizards (D:4)
  2 worker ants (D:4)
  A worker ant zombie (D:5)
  4 gnolls
  3 adders
  4 worms
  4 dart slugs
  2 leopard geckos
  3 orcs (D:4)
  10 bats
  4 giant cockroaches
  7 goblins
  4 hobgoblins
  4 jackals (D:4)
  2 quokkas (D:2)
  3 frilled lizards
  A jackal skeleton (D:4)
  4 kobolds
  2 rats (D:1)
69 creatures vanquished.

Notes
Turn   | Place    | Note
-------+----------+-------------------------------------------
     0 | D:1      | Hailrake the Merfolk Berserker began the quest for the Orb.
     0 | D:1      | Reached XP level 1. HP: 18/18 MP: 1/1
   177 | D:1      | Reached XP level 2. HP: 24/24 MP: 2/2
   338 | D:1      | Reached skill level 5 in Polearms
   540 | D:1      | Reached XP level 3. HP: 23/30 MP: 3/3
   768 | D:2      | Reached ** piety under Trog
  1436 | D:2      | Reached XP level 4. HP: 37/37 MP: 4/4
  1441 | D:2      | Reached skill level 6 in Polearms
  1898 | D:2      | Found an opulent altar of Gozag.
  2146 | D:3      | You fall through a shaft for 2 floors!
  2146 | D:5      | Entered Level 5 of the Dungeon
  2152 | D:5      | Reached XP level 5. HP: 42/42 MP: 5/5
  2173 | D:5      | Noticed a centaur
  2173 | D:5      | Noticed Blork the orc
  2209 | D:4      | Killed Blork the orc
  2209 | D:4      | Reached skill level 7 in Polearms
  2362 | D:4      | Reached XP level 6. HP: 27/49 MP: 6/6
  2707 | D:4      | Noticed Edmund
  2719 | D:4      | Killed Edmund
  2719 | D:4      | Reached skill level 5 in Fighting
  2719 | D:4      | Reached skill level 8 in Polearms
  2935 | D:4      | Reached XP level 7. HP: 38/56 MP: 7/7
  3256 | D:4      | Noticed Eustachio
  3301 | D:4      | HP: 1/56 [river rat[Eustachio] (3)]
  3304 | D:4      | Slain by Eustachio

Skill      XL: |  1  2  3  4  5  6 |
---------------+-------------------+-----
Polearms       | 5 6 7 8 |  8.6
Dodging        | 3 4 |  4.7
Fighting       | 4 5 |  5.3
Armour         | |  1.6

Action                   |  1- 3 |  4- 6 |  7- 9 || total
-------------------------+-------+-------+-------++-------
Melee: Spear             |    94 |   136 |    85 ||   315
Invok: Berserk           |     2 |     3 |     1 ||     6
       Trog's Hand       |     1 |     2 |     2 ||     5
  Use: Scroll            |     2 |     1 |       ||     3
       Potion            |     1 |     3 |     1 ||     5
 Stab: Sleeping          |     1 |     2 |       ||     3
       Distracted        |       |     1 |       ||     1
  Eat: Bread ration      |     1 |       |     1 ||     2
       Fruit             |       |     4 |       ||     4
       Meat ration       |       |     1 |       ||     1
       Chunk             |       |       |     1 ||     1
Armor: Animal skin       |    15 |    11 |    11 ||    37
Dodge: Dodged            |    36 |    61 |    69 ||   166
